 Dungeon Crawl Stone Soup version 0.29.1-14-g9c671dbff4 (webtiles) character file.

Game seed: 16391682681249947411

2331562 MacCMillion the Artisan of Death (level 27, 268/268 HPs)
             Began as a Naga Venom Mage on Feb 11, 2023.
             Was a Priest of Kikubaaqudgha.
             Escaped with the Orb
             ... and 4 runes on Feb 14, 2023!
             The game lasted 07:07:00 (70856 turns).

MacCMillion the Artisan of Death (Naga Venom Mage) Turns: 70856, Time: 07:07:00

Health: 268/268    AC: 33    Str: 21    XL:     27
Magic:  63/63      EV: 12    Int: 28    God:    Kikubaaqudgha [***...]
Gold:   8764       SH: 10    Dex: 22    Spells: 0/62 levels left

rFire   + + .      SeeInvis +   T - +10 demon blade "Zysext" {vorpal, MP+9}
rCold   + + .      Faith    .   j - +2 buckler
rNeg    . . .      Spirit   .   o - +10 ring mail of Pofimp {Regen+ Str+6 Int-3}
rPois   +          Reflect  .   Y - +2 hat {Will+}
rElec   +          Harm     .   X - scarf {rC+ rF+}
rCorr   .          Rampage  .   y - +2 pair of gloves
Will    ++++.      Rage     3%  q - +1 barding of the Orb Guardian {rElec rPois rC+ Str+3 Int+4}
Stlth   +.........              F - amulet of magic regeneration
HPRegen 1.34/turn               n - ring of Elyvilon's Esteem {rElec rF+ Dex+9}
MPRegen 0.78/turn               G - ring of magical power

@: hasted (expiring), glowing, quick
A: AC +9, large, see invisible, deformed body, poison resistance, slowness 2,
spit poison 1, naga tail 2, horns 1, berserk 1, deterioration 1
0: Orb of Zot
}: 4/15 runes: decaying, slimy, silver, gossamer
a: Spit Poison, Renounce Religion, Unearth Wretches


You escaped.
You worshipped Kikubaaqudgha.
Kikubaaqudgha was most pleased with you.
You visited 12 branches of the dungeon, and saw 56 of its levels.
You visited 1 bazaar.
You visited 1 ziggurat, and saw 10 of its levels.
You also visited: Ice Cave and Volcano.

You collected 11202 gold pieces.
You spent 2438 gold pieces at shops.

Inventory:

Hand Weapons
 T - the +10 demon blade "Zysext" (weapon) {vorpal, MP+9}
   (You found it on level 3 of the Crypt)

   It inflicts extra damage upon your enemies.
   MP:        It affects your magic capacity (+9).
Armour
 h - a +2 helmet of intelligence
 j - a +2 buckler (worn)
 o - the +10 ring mail of Pofimp (worn) {Regen+ Str+6 Int-3}
   (You found it on level 9 of the Dungeon)

   Str:       It affects your strength (+6).
   Int:       It affects your intelligence (-3).
   Regen:     It increases your rate of health regeneration.
 q - the +1 barding of the Orb Guardian (worn) {rElec rPois rC+ Str+3 Int+4}
   (You acquired it on level 7 of the Dungeon)

   Str:       It affects your strength (+3).
   Int:       It affects your intelligence (+4).
   rC:        It protects you from cold.
   rElec:     It insulates you from electricity.
   rPois:     It protects you from poison.
 y - a +2 pair of gloves (worn)
 C - a +0 kite shield
 M - the +0 pair of gloves "Turhowad" {rPois Int+3}
   (You found it on level 8 of a ziggurat)

   Int:       It affects your intelligence (+3).
   rPois:     It protects you from poison.
 X - a scarf of resistance (worn)
 Y - a +2 hat of willpower (worn)
Magical Staves
 w - a staff of poison
Jewellery
 n - the ring of Elyvilon's Esteem (left hand) {rElec rF+ Dex+9}
   (You found it on level 5 of the Pits of Slime)

   [ring of protection from fire]

   Dex:       It affects your dexterity (+9).
   rF:        It protects you from fire.
   rElec:     It insulates you from electricity.
 p - the ring of Ycolopal {Will+ AC+4}
   (You found it on level 5 of the Pits of Slime)

   [ring of protection]

   AC:        It affects your AC (+4).
   Will:      It increases your willpower.
 s - the ring of Ziet Xewnue {*Slow rN+++ Str+8 Int+6 Slay-2}
   (You bought it in a shop in a bazaar)

   [ring of intelligence]

   Str:       It affects your strength (+8).
   Int:       It affects your intelligence (+6).
   Slay:      It affects your accuracy & damage with ranged weapons and melee
   (-2).
   rN:        It renders you almost immune to negative energy.
   *Slow:     It may slow you when you take damage.
 B - a ring of flight
 F - an amulet of magic regeneration (around neck)
 G - a ring of magical power (right hand)
 I - a ring of wizardry
Wands
 k - a wand of acid (28)
 J - a wand of roots (34)
 L - a wand of flame (162)
 P - a wand of digging (12)
 U - a wand of mindburst (77)
Scrolls
 d - 36 scrolls of teleportation
 g - 17 scrolls of magic mapping
 i - 9 scrolls of enchant armour
 l - 16 scrolls of vulnerability
 r - a scroll of blinking
 t - 2 scrolls of silence
 x - 17 scrolls of poison
 z - 12 scrolls of fog
 E - 3 scrolls of amnesia
 O - 4 scrolls of torment
 Q - 13 scrolls of immolation
 Z - 6 scrolls of fear
Potions
 b - 4 potions of magic
 e - 11 potions of brilliance
 f - 26 potions of curing
 m - 14 potions of might
 u - 12 potions of mutation
 v - 8 potions of ambrosia
 A - 6 potions of haste
 D - 10 potions of lignification
 K - 5 potions of berserk rage
 N - 9 potions of flight
 V - 14 potions of heal wounds
 W - 6 potions of resistance
Miscellaneous
 a - a phial of floods
 H - a box of beasts
 R - a phantom mirror


   Skills:
 - Level 20.0 Fighting
 - Level 6.0 Short Blades
 - Level 2.8 Staves
 - Level 4.0 Armour
 - Level 8.0 Dodging
 - Level 8.0 Stealth
 - Level 13.1 Shields
 - Level 18.0 Spellcasting
 - Level 4.0 Conjurations
 - Level 7.0 Hexes
 - Level 11.0 Summonings
 O Level 27 Necromancy
 - Level 5.0 Translocations
 - Level 3.0 Transmutations
 - Level 3.0 Fire Magic
 - Level 8.0 Ice Magic
 + Level 23.7 Air Magic
 - Level 6.0 Earth Magic
 - Level 10.0 Poison Magic
 - Level 5.0 Evocations


You couldn't memorise any spells.
You knew the following spells:

 Your Spells              Type           Power      Damage    Failure   Level
a - Simulacrum            Ice/Necr       44%        N/A       1%          6
b - Haunt                 Necr/Summ      46%        N/A       1%          7
c - Maxwell's Capacitive  Air            51%        ∞         1%          8
d - Olgreb's Toxic Radia  Pois           69%        N/A       1%          4
e - Animate Dead          Necr           100%       N/A       0%          4
f - Blink                 Tloc           100%       N/A       1%          2
g - Death Channel         Necr           54%        N/A       0%          6
h - Borgnjor's Vile Clut  Necr/Erth      43%        N/A       1%          5
i - Ignite Poison         Fire/Tmut/Pois 53%        N/A       1%          3
j - Infestation           Necr           54%        N/A       1%          8
k - Dispel Undead         Necr           100%       3d31      0%          4
l - Summon Mana Viper     Hex/Summ       66%        N/A       2%          5

Your spell library contained the following spells:

 Spells                   Type           Power      Damage    Failure   Level
 Necrotise                Necr           100%       1d9       0%          1
 Shock                    Conj/Air       100%       1d9       0%          1
 Poisonous Vapours        Pois/Air       100%       N/A       0%          2
 Static Discharge         Conj/Air       80%        3-13/arc  0%          2
 Swiftness                Air            100%       N/A       0%          3
 Vampiric Draining        Necr           100%       2d13      0%          3
 Airstrike                Air            51%        2d(8-24)  0%          4
 Corpse Rot               Necr/Pois/Air  95%        N/A       0%          4
 Agony                    Necr           100%       N/A       0%          5
 Apportation              Tloc           100%       N/A       1%          1
 Foxfire                  Conj/Fire      100%       2x1d9     1%          1
 Sting                    Tmut/Pois      100%       1d8       1%          1
 Summon Small Mammal      Summ           100%       N/A       1%          1
 Ensorcelled Hibernation  Hex/Ice        100%       N/A       1%          2
 Passwall                 Tmut/Erth      41%        N/A       1%          2
 Call Canine Familiar     Summ           72%        N/A       1%          3
 Confusing Touch          Hex            59%        N/A       1%          3
 Dazzling Flash           Conj/Hex       100%       N/A       1%          3
 Gell's Gravitas          Tloc           52%        N/A       1%          3
 Inner Flame              Hex/Fire       52%        N/A       1%          3
 Lesser Beckoning         Tloc           52%        N/A       1%          3
 Mephitic Cloud           Conj/Pois/Air  77%        N/A       1%          3
 Ozocubu's Armour         Ice            63%        N/A       1%          3
 Portal Projectile        Hex/Tloc       100%       N/A       1%          3
 Spider Form              Tmut/Pois      57%        N/A       1%          3
 Summon Guardian Golem    Hex/Summ       66%        N/A       1%          3
 Teleport Other           Tloc           52%        N/A       1%          3
 Tukima's Dance           Hex            59%        N/A       1%          3
 Anguish                  Hex/Necr       44%        N/A       1%          4
 Cause Fear               Hex            29%        N/A       1%          4
 Summon Ice Beast         Ice/Summ       68%        N/A       1%          4
 Summon Lightning Spire   Summ/Air       89%        N/A       1%          4
 Lightning Bolt           Conj/Air       40%        1d59      1%          5
 Silence                  Hex/Air        42%        N/A       1%          5
 Borgnjor's Revivificati  Necr           54%        N/A       1%          8
 Conjure Flame            Conj/Fire      44%        6-21      2%          3
 Summon Forest            Summ/Tloc      31%        N/A       3%          5
 Iskenderun's Mystic Bla  Conj/Tloc      50%        2d11      4%          4
 Passage of Golubria      Tloc           52%        N/A       4%          4
 Petrify                  Tmut/Erth      50%        N/A       4%          4
 Metabolic Englaciation   Hex/Ice        30%        N/A       4%          5
 Death's Door             Necr           54%        N/A       4%          9
 Summon Cactus Giant      Summ           36%        N/A       5%          6
 Alistair's Intoxication  Tmut/Pois      38%        N/A       6%          5
 Flame Wave               Conj/Fire      44%        2d11      8%          4
 Sticky Flame             Conj/Fire      44%        2d6       8%          4
 Manifold Assault         Tloc           52%        N/A       11%         5
 Yara's Violent Unravell  Hex/Tmut       26%        3d11      11%         5
 Storm Form               Tmut/Air       39%        N/A       11%         7
 Iskenderun's Battlesphe  Conj           47%        2d10      17%         5
 Fireball                 Conj/Fire      22%        3d10      21%         5
 Irradiate                Conj/Tmut      22%        3d19      21%         5
 Blade Hands              Tmut           21%        N/A       26%         5
 Monstrous Menagerie      Summ           36%        N/A       28%         7
 Eringya's Noxious Bog    Tmut/Pois      28%        N/A       32%         6
 Necromutation            Tmut/Necr      41%        N/A       41%         8
 Iron Shot                Conj/Erth      26%        9d6       52%         6
 Statue Form              Tmut/Erth      33%        N/A       58%         6
 Starburst                Conj/Fire      22%        6d7       75%         6
 Spellforged Servitor     Conj/Summ      30%        N/A       77%         7
 Enfeeble                 Hex            29%        N/A       83%         7
 Orb of Destruction       Conj           23%        9d8       99%         7
 Dragon Form              Tmut           21%        N/A       100%        7
 Discord                  Hex            29%        N/A       100%        8
 Disjunction              Tloc           26%        N/A       100%        8
 Ignition                 Fire           21%        3d8       100%        8
 Lehudib's Crystal Spear  Conj/Erth      26%        10d7      100%        8
 Chain Lightning          Conj/Air       40%        3d53      100%        9


Dungeon Overview and Level Annotations

Branches:
Dungeon (15/15)            Temple (1/1) D:5            Lair (5/5) D:8
  Swamp (4/4) Lair:2       Spider (4/4) Lair:3        Slime (5/5) Lair:4
    Orc (2/2) D:12            Elf (3/3) Orc:2        Vaults (5/5) D:13
  Crypt (3/3) Vaults:3       Tomb (0/3) Crypt:3      Depths (4/4) D:15
    Zot (5/5) Depths:4      IceCv (visited)         Volcano (visited)

Altars:
Ashenzari
Cheibriados
Dithmenos
Elyvilon
Fedhas
Gozag
Hepliaklqana
Kikubaaqudgha
Makhleb
Nemelex Xobeh
Okawaru
Qazlal
Ru
Sif Muna
Trog
Uskayaw
Vehumet
Wu Jian
Xom
Yredelemnul
Zin
The Shining One
Jiyva

Shops:
D:1 [   D:4 *   D:7 (   D:11 =   Orc:1 [   Orc:2 ?*((:   Elf:1 [(=!
Vaults:3 !*?

Portals:
Hell: Depths:1 Depths:2 Depths:3 Depths:4
Abyss: Depths:3
Pandemonium: Depths:1 Depths:2

Annotations:
D:7 2 transporters, 2 runed translucent doors, Peloso's ghost, novice MiFi
D:9 exclusion: wraith
D:10 exclusion: wraith
D:11 3 runed translucent doors, ymhsbmbesitwf's ghost, journeyman MiBe
Lair:1 exclusion: hydra
Lair:2 2 transporters, Xihitin's ghost, journeyman DjGl
Lair:3 exclusion: hydra
Depths:4 2 transporters, AllIsDust's ghost, veteran MiBe
Zot:3 1 exclusion
Zot:4 2 transporters, exclusion: orange crystal statue


Innate Abilities, Weirdness & Mutations

Your serpentine skin is tough. (AC +9)
You have supernaturally acute eyesight. (SInv)
Armour fits poorly on your strangely shaped body.
Your system is resistant to poisons. (rPois)
You cover ground very slowly.
You can spit poison.
You can use your snake-like lower body to constrict enemies.
You have a pair of small horns on your head.
You sometimes lose your temper in combat.
Your body sometimes deteriorates upon taking damage.


Message History

Insubstantial figures form in the air.
The zombie hands constrict the hell hog.
Unknown command.
Casting: Haunt (mildly dangerous; 1% risk of failure)
Confirm with . or Enter, or press ? or * to list all spells.
Okay, then.
You hit the hell hog.
The hell hog is moderately wounded.
The zombie hands constrict the hell hog.
You block the hell hog's attack.
You hit the hell hog. You headbutt the hell hog.
The hell hog is moderately wounded.
The zombie hands constrict the hell hog.
The hell hog bites you.
Your phantasmal warrior hits the hell hog!!!
You slice the hell hog!!
You kill the hell hog!
Kikubaaqudgha accepts your kill.
Your wraith disappears in a puff of smoke!
Your phantasmal warrior disappears in a puff of smoke!
You see here a +0 dagger.
There is an escape hatch in the ceiling here.
A mysterious force pulls you upwards. The hatch slams shut behind you.
Magic restored.
There is an escape hatch in the ceiling here.
There is a stone staircase leading up here.
You climb upwards.
An Orb Guardian comes into view.
There is a stone staircase leading down here.
Aiming: Dig
Press: ? - help, Shift-Dir - straight line A rock wall.
This square is covered in magical glow.
The rock shatters into small pieces.
You enter the shallow water.
Moving in this stuff is going to be slow.
Your extra speed is starting to run out.
An angel comes into view. It is wielding a +2 whip of holy wrath.
There is a staircase leading out of the dungeon here.
You have escaped!

.∩...###.# #.# ###.#
..#####..### ##.## ###...#
### #....####...####.....#
##.....#..~..#...).#.#
#...~....~....~..8#.######
#....~..~~~..~..)##.#.....
##.....~A~~~~~.....#.#.#...
#....~~~X...~~~~.....#.#.##
#..~~~~~..@..~~~~~...#.#.##
#....~~~~...~~~~.....#.#.##
##.....~~~~~~~.....#..)#.#
##...~..~~~..~...######†#
### #8..~....~....~..8# #.#
..# ##.....#..~..#.....##
#.# #.#
#....####...####....# #.#
#.# #..###
##.#######..####.#
#.########
#.###...........##


You could see an angel and an Orb Guardian.

Vanquished Creatures
  2 dread liches (Zot:5)
  3 orbs of fire (Zot:5)
  A Killer Klown (Zig:7)
  A golden dragon (Zig:10)
  A profane servitor (Crypt:3)
  A Tzitzimitl (D:6)
  3 tentacled monstrosities
  2 Orb Guardians
  3 liches
  A searing wretch (Zig:3)
  Mlioglotl (Spider:4)
  A deep elf blademaster (Elf:2)
  2 quicksilver dragons
  An ancient champion (Crypt:3)
  A sphinx (Vaults:4)
  A walking frostbound tome (Depths:4)
  Gastronok (D:11)
  A tengu reaver (Depths:4)
  4 shadow dragons
  A revenant (Crypt:3)
  3 storm dragons (Zot:3)
  A draconian knight (Depths:4)
  2 fire giants
  2 frost giants
  4 vault wardens
  5 ghost moths
  2 deep elf sorcerers (Elf:3)
  An orc warlord (Vaults:4)
  4 deep elf elementalists
  2 draconian scorchers (Zot:3)
  A draconian annihilator (Zot:2)
  5 draconian shifters
  2 ghouls (Crypt:1)
  2 draconian stormcallers
  3 war gargoyles
  5 ironbound preservers
  2 ironbound thunderhulks
  2 stone giants
  A very ugly thing (Depths:1)
  A purple draconian (Depths:4)
  6 black draconians (Zot:3)
  6 dire elephants
  2 vampire knights
  An entropy weaver (Spider:4)
  A lorocyproca (Zot:5)
  2 deep elf demonologists
  A white draconian (Depths:4)
  2 red draconians
  A yellow draconian (Zot:4)
  A deep elf death mage (Elf:3)
  3 jiangshi
  A merfolk javelineer (Depths:4)
  A great orb of eyes (Vaults:4)
  2 ettins (Depths:1)
  2 fire dragons
  Harold (D:11)
  3 deep elf high priests
  2 yaktaur captains
  Josephine (Orc:2)
  5 vault guards
  An ogre mage (Orc:2)
  7 hydras
  3 peacekeepers
  2 boulder beetles
  4 ice dragons
  2 spriggan air magi
  9 centaur warriors
  3 ironbound frosthearts
  A jorogumo (Spider:4)
  A fenstrider witch skeleton (Crypt:1)
  7 two-headed ogres
  2 catoblepae
  8 dancing weapons
  A two-headed ogre (shapeshifter) (Elf:2)
  7 death yaks
  3 deep troll shamans
  2 death scarabs (Spider:4)
  3 tengu warriors
  3 hell hogs
  A deep troll earth mage (D:12)
  A shock serpent (Zot:3)
  2 orc high priests
  A vampire mage (Crypt:1)
  A storm dragon zombie (Crypt:1)
  4 hell knights
  2 spriggan berserkers
  3 iron trolls
  5 skeletal warriors
  10 deep elf knights
  A sun moth (Spider:1)
  A death drake (Zig:10)
  2 pharaoh ants (Spider:2)
  2 glowing orange brains
  6 shadow wraiths
  A flayed ghost (Crypt:2)
  A spriggan druid (Swamp:4)
  22 deep trolls
  9 orb spiders
  7 ironbound convokers
  2 swamp dragons
  6 wizards
  3 bog bodies
  5 lindwurms (Vaults:1)
  4 deep elf archers
  2 harpies (Vaults:1)
  A necromancer (Crypt:1)
  5 orc knights
  14 deep elf pyromancers
  9 wolf spiders
  14 ugly things
  9 deep elf zephyrmancers
  An orc sorcerer (Orc:2)
  5 cyclopes
  6 manticores
  A shadow dragon skeleton (Depths:3)
  9 elephants (Lair:4)
  11 moths of wrath
  Joseph (D:7)
  A torpor snail (shapeshifter) (Zig:7)
  10 vault sentinels
  Maurice (D:13)
  A large abomination (Crypt:3)
  2 torpor snails (Spider:1)
  A black mamba (shapeshifter) (D:14)
  An apocalypse crab (Zig:7)
  Maggie (D:7)
  4 gargoyles
  A komodo dragon (shapeshifter) (D:11)
  3 cane toads
  11 yaktaurs
  3 komodo dragons
  A kobold demonologist (D:6)
  An unseen horror zombie (D:7)
  3 orange demons
  2 efreet
  A hellion (Zig:3)
  3 tengu conjurers
  An unseen horror (D:11)
  2 freezing wraiths (Crypt:3)
  An ice devil (Depths:2)
  4 demonic crawlers
  4 trolls
  2 hydra zombies (Swamp:1)
  3 tyrant leeches
  2 polar bears
  14 tarantellas
  6 meliai
  3 hornets
  Prince Ribbit (D:5)
  4 blink frogs (Lair:4)
  A wind drake (Zig:10)
  3 slime creatures
  14 jumping spiders
  6 dream sheep (Lair:5)
  Sigmund (D:5)
  3 flying skulls (Crypt:3)
  A shadow (D:12)
  3 water elementals
  3 spriggans
  12 culicivoras
  5 wyverns
  A hog (shapeshifter) (D:15)
  6 wraiths
  A fire elemental (Elf:3)
  3 fire bats (Lair:2)
  32 yaks
  16 redbacks
  A chaos spawn (Zig:7)
  2 steam dragons (D:8)
  5 vampire mosquitoes
  A basilisk (D:15)
  5 wargs
  3 swamp worms
  Menkaure (D:5)
  A deep troll skeleton (Crypt:1)
  14 water moccasins
  40 orc warriors
  A sky beast (D:6)
  8 ogres
  An elephant zombie (Lair:4)
  An ice beast (D:8)
  5 black bears
  A blink frog zombie (Lair:4)
  6 wolves
  A boggart (D:15)
  17 centaurs
  A blink frog skeleton (Crypt:2)
  5 kobold brigands
  2 gnoll sergeants
  A wyvern zombie (D:7)
  An earth elemental (Elf:1)
  18 bullfrogs
  6 scorpions
  4 wights (D:8)
  9 killer bees
  A yak zombie (Lair:5)
  2 wolf zombies (Lair:5)
  3 howler monkeys (D:11)
  2 electric eels
  4 crimson imps
  3 centaur zombies (D:7)
  A bullfrog zombie (D:7)
  A wyvern simulacrum (D:8)
  A black bear zombie (Crypt:2)
  26 orc priests
  4 hounds
  3 jellies
  A gnoll bouda (D:9)
  2 iguanas
  23 orc wizards
  Natasha (thrice) (D:3 D:2)
  8 hell rats (Lair:1)
  A human zombie (D:13)
  A howler monkey zombie (D:7)
  Robin (D:3)
  12 gnolls
  3 adders
  12 river rats (Lair:1)
  A shadow imp (D:6)
  5 white imps
  3 ufetubi
  A dart slug (D:3)
  78 orcs
  5 bats
  6 endoplasms
  4 giant cockroaches
  3 hobgoblins
  2 jackals (D:1)
  13 kobolds
  11 quokkas
  7 ball pythons
  A frilled lizard (D:2)
  19 goblins
  5 orc zombies
  16 rats
  A spectral kobold (D:4)
1054 creatures vanquished.

Vanquished Creatures (collateral kills)
  the Royal Jelly (Slime:5)
  A dread lich (Zot:5)
  Khufu (Crypt:3)
  2 orbs of fire
  An ancient lich (Zot:5)
  A juggernaut (Zig:8)
  the Lernaean hydra (Swamp:4)
  3 Killer Klowns
  Saint Roka (Orc:2)
  5 curse toes
  15 golden dragons
  Nikola (Spider:2)
  Jory (Vaults:5)
  A bone dragon (Crypt:3)
  4 hellephants (Depths:3)
  Zenata (Crypt:3)
  A Hell Sentinel (Depths:1)
  6 tentacled monstrosities
  25 Orb Guardians
  3 electric golems
  A searing wretch (Zig:3)
  2 Ice Fiends (Zig:4)
  A lich (Depths:2)
  2 deep elf blademasters (Elf:3)
  8 quicksilver dragons
  2 deep elf master archers (Elf:3)
  5 titans
  5 death cobs
  30 acid blobs
  A thorn hunter (Swamp:3)
  An ancient champion (Crypt:2)
  Agnes (Spider:3)
  5 sphinxes
  6 tengu reavers
  Donald (Elf:1)
  2 revenants
  5 draconian monks
  16 storm dragons
  8 shadow dragons
  5 emperor scorpions
  11 rockslimes
  A fenstrider witch (Swamp:2)
  6 frost giants
  2 iron dragons (Depths:2)
  14 azure jellies
  2 draconian knights
  2 deep elf sorcerers
  16 vault wardens
  4 fire giants
  A fire giant (shapeshifter) (Zig:2)
  A balrug (Depths:2)
  2 draconian scorchers
  7 ghost moths
  5 orc warlords
  11 draconian shifters
  An angel (Depths:1)
  5 draconian stormcallers
  9 ghouls
  2 deep elf elementalists (Elf:3)
  16 stone giants
  A reaper (Depths:2)
  6 draconian annihilators
  15 very ugly things
  2 broodmothers (shapeshifter)
  13 ironbound preservers
  9 quicksilver oozes
  5 broodmothers
  An eleionoma (Swamp:4)
  5 war gargoyles
  2 ironbound thunderhulks
  11 black draconians
  5 deep elf annihilators
  8 green draconians
  3 deep elf demonologists
  3 vampire knights
  4 entropy weavers
  10 white draconians
  12 red draconians
  4 bunyips
  11 yellow draconians
  2 spark wasps
  9 deep elf death magi
  11 dire elephants
  2 eidola
  10 purple draconians
  A blizzard demon (Depths:2)
  14 jiangshi
  10 ettins
  6 deep elf high priests
  16 great orbs of eyes
  Snorg (D:12)
  2 mummy priests (Crypt:3)
  12 yaktaur captains
  9 fire dragons
  A hydra (shapeshifter) (Vaults:5)
  A spriggan zombie (Crypt:1)
  15 hydras
  3 catoblepae (Lair:5)
  11 ice dragons
  A ghost crab (Swamp:2)
  32 vault guards
  2 spriggan air magi (Depths:2)
  2 rakshasas
  Erica (D:11)
  3 boulder beetles
  3 ogre magi
  7 ironbound frosthearts
  3 anacondas (shapeshifter)
  A peacekeeper (Vaults:3)
  3 radroaches
  11 centaur warriors
  5 death knights
  26 dancing weapons
  3 deep troll shamans
  A two-headed ogre (D:15)
  3 alligators
  3 jorogumos (Spider:4)
  5 death yaks
  17 tengu warriors
  7 deep troll earth magi
  5 death scarabs
  12 hell hogs
  8 spriggan berserkers
  12 deep elf knights
  7 hell knights
  Urug (Lair:3)
  A shock serpent (Zot:3)
  4 sun demons
  4 vampire magi
  3 orc high priests
  3 soul eaters (Depths:2)
  7 pharaoh ants
  5 shadow wraiths
  21 skeletal warriors
  8 iron trolls
  2 sixfirhies (Zot:3)
  5 goliath frogs
  44 deep trolls
  3 flayed ghosts
  3 quicksilver dragon simulacra
  10 swamp dragons
  An orb spider (shapeshifter) (Depths:3)
  2 orb spiders
  A spriggan druid (Swamp:2)
  7 steelbarb worms
  3 glowing orange brains
  13 bog bodies
  6 deep elf archers
  3 lindwurms (Vaults:1)
  A golden dragon skeleton (Depths:3)
  A spectral wolf spider (Spider:4)
  9 phantasmal warriors
  13 ironbound convokers
  4 wizards
  32 deep elf pyromancers
  14 deep elf zephyrmancers
  6 necromancers
  10 harpies
  2 wolf spider zombies (Spider:4)
  2 manticores
  A goliath frog skeleton (Crypt:2)
  9 orc knights
  A cyclops (D:14)
  A mana viper (shapeshifter) (Depths:1)
  3 orc sorcerers
  11 wolf spiders
  3 shining eyes
  29 ugly things
  A frost giant zombie (Depths:3)
  94 slime creatures
  6 will-o-the-wisps
  3 elephants (Lair:4)
  An ice statue (Depths:2)
  23 moths of wrath
  19 vault sentinels
  A fire giant skeleton (Depths:3)
  A centaur zombie (Crypt:3)
  A guardian serpent (D:14)
  A guardian serpent (shapeshifter) (Depths:4)
  2 apocalypse crabs (Zig:7)
  An orange demon (D:13)
  A titan simulacrum (Crypt:3)
  A black mamba (Lair:3)
  2 eyes of devastation (Zig:9)
  3 demonic crawlers
  4 torpor snails
  A black draconian zombie (Crypt:1)
  A swamp worm zombie (Crypt:1)
  An efreet (D:15)
  2 rime drakes
  4 cane toads
  An ice devil (Depths:2)
  2 tengu conjurers (Depths:2)
  13 yaktaurs
  A tormentor (Zig:4)
  7 guardian mummies (Crypt:3)
  A harpy zombie (Crypt:1)
  2 trolls
  4 freezing wraiths
  4 meliai
  A red devil (D:4)
  A polar bear (Lair:4)
  11 tyrant leeches
  7 hornets
  A moth of wrath zombie (Zot:1)
  A wind drake (Zig:10)
  A tarantella (shapeshifter) (Vaults:5)
  3 tarantella zombies (Spider:4)
  17 tarantellas
  4 spectral tarantellas (Spider:4)
  4 raiju (Zot:3)
  A spectral jumping spider (Spider:4)
  A jumping spider zombie (Spider:4)
  3 blink frogs (Lair:4)
  A dream sheep (Lair:5)
  A culicivora zombie (Crypt:1)
  9 jumping spiders
  2 air elementals (Elf:1)
  12 culicivoras
  7 spriggans
  11 water elementals
  A basilisk (Lair:4)
  48 flying skulls (Crypt:3)
  19 yaks
  A wyvern (Zig:10)
  3 shadows (Crypt:3)
  5 fire elementals
  6 golden eyes (Slime:5)
  7 wraiths
  A steam dragon (Zig:10)
  3 wargs
  24 redbacks
  2 chaos spawn (Zig:7)
  A redback simulacrum (D:14)
  A faun zombie (Crypt:1)
  A harpy simulacrum (Crypt:3)
  A large abomination (Crypt:3)
  16 swamp worms
  7 vampire mosquitoes
  3 deep troll zombies
  A water moccasin (Lair:5)
  A floating eye (Depths:3)
  A glowing shapeshifter zombie (Crypt:2)
  An acid dragon (Zig:10)
  9 swamp drakes
  23 orc warriors
  8 ogres
  2 ettin simulacra (Depths:2)
  A swamp dragon zombie (Crypt:2)
  3 wolves (Lair:5)
  A centaur (Orc:2)
  A torpor snail zombie (Crypt:2)
  2 human zombies
  8 necrophages
  A bullfrog (Lair:3)
  A wyvern zombie (Crypt:1)
  2 small abominations (Crypt:3)
  4 earth elementals
  A shapeshifter skeleton (Crypt:2)
  A yak skeleton (Crypt:1)
  A polar bear skeleton (Crypt:2)
  A wolf zombie (Crypt:1)
  5 orc priests
  5 lightning spires (Zot:3)
  3 orc wizards
  An ogre zombie (Crypt:1)
  A tengu skeleton (Crypt:2)
  A gnoll (D:9)
  14 orcs
  A briar patch (Swamp:3)
  A bush (Swamp:4)
  7 fungi
  A plant (Swamp:4)
1633 creatures vanquished.

Vanquished Creatures (others)
  A juggernaut (Depths:3)
  A shard shrike (Crypt:2)
  3 caustic shrikes
  20 golden dragons
  4 titans
  8 quicksilver dragons
  9 acid blobs
  6 sphinxes
  26 storm dragons
  8 shadow dragons
  5 tengu reavers
  A draconian monk (Zot:5)
  A nagaraja (Crypt:2)
  9 frost giants
  3 azure jellies
  9 fire giants
  3 draconian knights
  3 fenstrider witches
  8 iron dragons
  9 draconian shifters
  7 vault wardens
  3 draconian scorchers
  A deep elf sorcerer (Vaults:3)
  A jelly zombie (Slime:5)
  A rockslime (Slime:1)
  5 ghost moths
  4 quicksilver oozes
  3 draconian annihilators
  3 ironbound preservers
  2 spriggan defenders
  11 stone giants
  2 ironbound thunderhulks
  An eleionoma (Swamp:3)
  4 green draconians
  5 purple draconians
  5 black draconians
  2 bunyips (Swamp:2)
  A dire elephant (Crypt:3)
  10 red draconians
  5 yellow draconians
  An entropy weaver (Vaults:2)
  4 white draconians
  8 spark wasps
  10 ettins
  A deep elf death mage (Vaults:3)
  7 acid blob zombies
  A deep elf high priest (Vaults:4)
  5 yaktaur captains
  4 great orbs of eyes
  2 fire dragons
  4 quicksilver dragon zombies
  3 boulder beetles
  5 hydras
  5 spriggan air magi
  2 ice dragons
  5 jorogumos
  An anaconda (Crypt:3)
  A centaur warrior (D:6)
  A satyr (Crypt:2)
  6 ironbound frosthearts
  3 deep troll shamans
  An alligator (Swamp:2)
  A naga warrior (Crypt:2)
  A two-headed ogre (shapeshifter) (Depths:3)
  2 azure jelly zombies
  6 deep troll earth magi
  2 tengu warriors
  2 titan zombies
  A hell knight (Depths:2)
  8 spriggan berserkers
  7 deep elf knights
  A quicksilver ooze zombie (Slime:5)
  A spriggan (Swamp:2)
  6 storm dragon zombies
  2 goliath frogs (Swamp:2)
  3 ghost moth zombies (Spider:4)
  4 golden dragon zombies
  A sea snake (shapeshifter) (Vaults:3)
  5 spark wasp zombies
  3 spriggan druids
  3 spriggan riders
  4 death drakes
  7 glowing orange brains
  8 ironbound convokers
  2 wolf spider zombies (Spider:4)
  2 swamp dragons
  A harpy (Vaults:3)
  A wizard (Vaults:1)
  2 deep elf archers
  A necromancer (Depths:2)
  A goliath frog zombie (Swamp:2)
  8 deep elf pyromancers
  4 lindwurms
  4 deep elf zephyrmancers
  4 sphinx zombies
  17 ugly thing zombies
  A jorogumo zombie (Spider:4)
  6 fire giant zombies
  4 draconian zombies
  4 stone giant zombies
  A wolf spider (Spider:4)
  A frost giant zombie (Vaults:4)
  4 shining eyes
  2 iron dragon zombies
  A manticore (Crypt:3)
  49 moths of wrath
  2 elephants (shapeshifter)
  8 vault sentinels
  An eye of devastation (Slime:1)
  A purple draconian zombie (Zot:3)
  An eye of devastation (shapeshifter) (Depths:2)
  A komodo dragon (shapeshifter) (D:15)
  A yaktaur (Crypt:1)
  A black draconian zombie (Zot:3)
  A steelbarb worm zombie (Spider:2)
  A yellow draconian zombie (Zot:3)
  An ice devil (Depths:2)
  A catoblepas zombie (D:14)
  8 yaktaur zombies
  2 iron troll zombies (Depths:2)
  4 orb spider zombies
  2 tengu conjurers
  A demonic crawler zombie (Spider:1)
  A sea snake zombie (Vaults:3)
  2 death drake zombies
  2 hydra zombies
  12 redback zombies
  2 tarantellas (Spider:4)
  A meliai (Spider:4)
  4 tyrant leeches
  3 harpy zombies
  3 bloated husks
  A hornet (Swamp:2)
  5 culicivora zombies
  5 great orb of eyes zombies
  20 moth of wrath zombies
  19 slime creatures
  12 tarantella zombies
  2 jumping spiders
  4 jumping spider zombies
  A fire dragon zombie (Depths:3)
  4 ettin zombies
  5 meliai zombies
  A boulder beetle zombie (Vaults:5)
  2 air elementals (Elf:3)
  3 culicivoras
  11 spriggan zombies
  55 slime creature zombies
  2 golden eyes
  A steam dragon (D:15)
  2 tyrant leech zombies
  A redback (shapeshifter) (Depths:2)
  2 redbacks (Spider:4)
  52 human zombies
  19 deep troll zombies
  2 two-headed ogre zombies (Orc:2)
  8 tengu zombies
  A cane toad zombie (Lair:3)
  An orc warrior (Orc:2)
  A swamp drake (Swamp:4)
  13 elf zombies
  3 blink frog zombies (Lair:4)
  2 elephant zombies
  A dream sheep zombie (Lair:5)
  4 lindwurm zombies
  4 vampire mosquito zombies
  A torpor snail zombie (Spider:3)
  2 wyvern zombies (Lair:5)
  A cyclops zombie (D:15)
  A warg zombie (Orc:2)
  3 yak zombies
  2 wolf zombies (Lair:5)
  A bullfrog zombie (Lair:3)
  A hound (D:6)
  An orc priest (Orc:2)
  15 centaur zombies
  An iguana (D:15)
  3 scorpion zombies (D:13)
  An orc wizard (D:10)
  7 ogre zombies
  A steam dragon zombie (D:15)
  3 swamp drake zombies (Swamp:4)
  An iguana zombie (D:15)
  A goblin (D:6)
  A quokka (D:6)
  52 orc zombies
  5 ball lightnings (Zot:3)
  9 foxfires
  74 fungi
  87 plants
1101 creatures vanquished.

Grand Total: 3788 creatures vanquished

Notes
Turn   | Place    | Note
-------+----------+-------------------------------------------
     0 | D:1      | MacCMillion the Naga Venom Mage began the quest for the
                  | Orb.
     0 | D:1      | Reached XP level 1. HP: 15/15 MP: 3/3
   132 | D:1      | Found Byfe's Armour Shoppe.
   175 | D:1      | Reached XP level 2. HP: 8/22 MP: 0/5
   740 | D:1      | Reached skill level 5 in Poison Magic
  1060 | D:1      | Reached XP level 3. HP: 28/28 MP: 2/6
  1100 | D:1      | Learned a level 2 spell: Poisonous Vapours
  1104 | D:1      | Learned a level 3 spell: Mephitic Cloud
  2258 | D:3      | Noticed Natasha
  2258 | D:3      | Found a faded altar of an unknown god.
  2769 | D:3      | Killed Natasha
  2770 | D:3      | Reached skill level 1 in Air Magic
  2770 | D:3      | Reached XP level 4. HP: 26/36 MP: 2/7
  3018 | D:3      | Noticed Natasha
  3027 | D:3      | Killed Natasha
  3028 | D:3      | Reached XP level 5. HP: 40/42 MP: 3/8
  3040 | D:3      | Noticed Natasha
  3059 | D:2      | Killed Natasha
  3490 | D:3      | Noticed Robin
  3998 | D:3      | Killed Robin
  4152 | D:3      | Reached skill level 1 in Conjurations
  4271 | D:3      | Reached XP level 6. HP: 49/49 MP: 4/9
  4584 | D:4      | Found a stormy altar of Qazlal.
  4585 | D:4      | Found a bloodstained altar of Trog.
  5459 | D:4      | Found a hazy altar of Hepliaklqana.
  5627 | D:4      | Found Wupesel's Assorted Antiques.
  5776 | D:5      | Entered Level 5 of the Dungeon
  5776 | D:5      | Noticed Sigmund
  6261 | D:5      | Reached XP level 7. HP: 38/55 MP: 1/11
  6541 | D:5      | Found a staircase to the Ecumenical Temple.
  6550 | Temple   | Entered the Ecumenical Temple
  6879 | D:5      | Found a blossoming altar of Fedhas.
  6886 | D:5      | Noticed Prince Ribbit
  6893 | D:5      | Killed Prince Ribbit
  6894 | D:5      | Reached skill level 1 in Fighting
  7236 | D:5      | Reached XP level 8. HP: 37/67 MP: 1/14
  7446 | D:5      | Noticed Menkaure
  7458 | D:5      | Killed Menkaure
  7459 | D:5      | Reached skill level 5 in Stealth
  9283 | D:6      | Reached XP level 9. HP: 70/78 MP: 11/15
  9437 | D:6      | Noticed a kobold demonologist
  9504 | D:5      | Learned a level 4 spell: Olgreb's Toxic Radiance
  9837 | D:6      | Reached skill level 5 in Fighting
 10009 | D:6      | Killed a kobold demonologist
 11201 | D:7      | Found Wenaucubb's Weapon Shoppe.
 11600 | D:7      | Found a transporter.
 11601 | D:7      | Noticed Peloso's ghost (novice MiFi)
 11601 | D:7      | Noticed a moth of wrath
 11617 | D:7      | Found a transporter.
 11617 | D:7      | Noticed a hornet
 11652 | D:7      | Found a shimmering altar of Xom.
 12266 | D:5      | Killed Sigmund
 12968 | D:7      | Noticed Joseph
 13202 | D:7      | Killed Joseph
 13203 | D:7      | Reached skill level 5 in Spellcasting
 13203 | D:7      | Reached XP level 10. HP: 76/94 MP: 18/18
 13389 | D:7      | Found a runed translucent door.
 13397 | D:7      | Found a runed translucent door.
 13404 | D:7      | Identified a scroll of acquirement
 13405 | D:7      | Acquired the +1 barding of the Orb Guardian {rElec rPois
                  | rC+ Str+3 Int+4}
 13750 | D:7      | Found a basalt altar of Yredelemnul.
 13803 | D:7      | Reached skill level 1 in Short Blades
 14329 | D:7      | Noticed Maggie
 14336 | D:7      | Found an ancient bone altar of Kikubaaqudgha.
 14461 | D:7      | Killed Maggie
 14465 | D:7      | Became a worshipper of Kikubaaqudgha
 14620 | D:8      | Found a staircase to the Lair.
 14682 | D:8      | Reached skill level 5 in Short Blades
 15127 | D:8      | Noticed a two-headed ogre
 15146 | D:8      | Killed a two-headed ogre
 15212 | D:8      | Reached XP level 11. HP: 83/103 MP: 20/20
 15388 | D:8      | Found a white marble altar of Elyvilon.
 15424 | D:8      | Reached * piety under Kikubaaqudgha
 15424 | D:8      | Received a gift from Kikubaaqudgha
 15431 | D:8      | Reached skill level 10 in Poison Magic
 15436 | D:8      | Learned a level 4 spell: Animate Dead
 15964 | D:8      | Reached skill level 1 in Necromancy
 15967 | D:8      | Reached skill level 2 in Necromancy
 16672 | D:9      | Identified the +0 robe of Indomitability {rPois rCorr Int-3
                  | Slay+3}
 16681 | D:9      | Identified the +10 ring mail of Pofimp {Regen+ Str+6 Int-3}
 16690 | D:9      | Reached skill level 3 in Necromancy
 17466 | D:9      | Reached skill level 4 in Necromancy
 17515 | D:9      | Reached ** piety under Kikubaaqudgha
 17950 | D:10     | Entered Level 10 of the Dungeon
 18290 | D:10     | Noticed a cyclops
 18379 | Lair:1   | Entered Level 1 of the Lair of Beasts
 18658 | Lair:1   | Noticed a six-headed hydra
 18746 | Lair:1   | Reached skill level 5 in Necromancy
 18796 | Lair:1   | Reached skill level 6 in Necromancy
 19034 | Lair:1   | Reached skill level 7 in Necromancy
 19180 | Lair:1   | Reached *** piety under Kikubaaqudgha
 19180 | Lair:1   | Received a gift from Kikubaaqudgha
 19687 | Lair:2   | Reached skill level 8 in Necromancy
 20046 | Lair:2   | Noticed a four-headed hydra
 20053 | Lair:2   | Found a transporter.
 20082 | Lair:2   | Killed a four-headed hydra
 20152 | Lair:2   | Found a transporter.
 20174 | Lair:2   | Reached skill level 9 in Necromancy
 20181 | Lair:2   | Found a dark tunnel.
 20190 | Volcano  | Entered a volcano
 20280 | Lair:2   | Reached XP level 12. HP: 101/110 MP: 21/21
 20417 | Lair:2   | Reached skill level 10 in Necromancy
 20442 | Lair:2   | Found a staircase to the Swamp.
 20519 | Lair:2   | Learned a level 2 spell: Blink
 20709 | Lair:2   | Reached skill level 1 in Translocations
 20776 | Lair:2   | Noticed a death yak
 20778 | Lair:2   | Noticed a boulder beetle
 21204 | Lair:3   | Reached **** piety under Kikubaaqudgha
 21333 | Lair:3   | Reached skill level 5 in Translocations
 21337 | Lair:3   | Found a hole to the Spider Nest.
 21776 | Lair:3   | Noticed Urug
 21790 | Lair:3   | Killed Urug
 21866 | Lair:3   | Noticed a four-headed hydra
 22278 | Lair:4   | Reached skill level 11 in Necromancy
 22300 | Lair:4   | Noticed a seven-headed hydra
 22303 | Lair:4   | Reached skill level 12 in Necromancy
 22309 | Lair:4   | Killed a seven-headed hydra
 22358 | Lair:4   | Noticed a death yak
 22358 | Lair:4   | Noticed a death yak
 22358 | Lair:4   | Noticed a death yak
 22358 | Lair:4   | Noticed a death yak
 22371 | Lair:4   | Killed a death yak
 22371 | Lair:4   | Killed a death yak
 22372 | Lair:4   | Gained mutation: You can use your snake-like lower body to
                  | constrict enemies. [Naga growth]
 22372 | Lair:4   | Reached XP level 13. HP: 90/117 MP: 21/22
 22383 | Lair:4   | Reached skill level 13 in Necromancy
 22646 | Lair:4   | Learned a level 6 spell: Death Channel
 22860 | Lair:4   | Found a staircase to the Slime Pits.
 23019 | Lair:4   | Reached skill level 14 in Necromancy
 23395 | Lair:5   | Entered Level 5 of the Lair of Beasts
 23401 | Lair:5   | Reached ***** piety under Kikubaaqudgha
 23646 | Lair:5   | Reached skill level 15 in Necromancy
 24156 | Lair:5   | Reached XP level 14. HP: 76/126 MP: 13/26
 24249 | Lair:5   | Reached skill level 16 in Necromancy
 24626 | D:8      | Learned a level 5 spell: Borgnjor's Vile Clutch
 25202 | D:11     | Reached skill level 1 in Earth Magic
 25264 | D:11     | Noticed Harold
 25273 | D:11     | Killed Harold
 25352 | D:11     | Noticed Gastronok
 25365 | D:11     | Killed Gastronok
 25402 | D:11     | Found Xeitob's Jewellery Shop.
 25567 | D:11     | Found a runed translucent gate.
 25567 | D:11     | Noticed ymhsbmbesitwf's ghost (journeyman MiBe)
 25567 | D:11     | Identified the +8 chain mail of Limited Liability {Will+}
 25569 | D:11     | Found a runed translucent gate.
 25570 | D:11     | Found a runed translucent gate.
 25615 | D:11     | Noticed Erica
 25623 | D:11     | Killed Erica
 26112 | D:12     | Noticed Snorg
 26118 | D:12     | Killed Snorg
 26162 | D:12     | Found a staircase to the Orcish Mines.
 26238 | D:12     | Reached skill level 5 in Earth Magic
 26246 | D:12     | Reached skill level 17 in Necromancy
 26575 | D:12     | Identified the +1 hat of Weightlessness {Will+}
 26897 | Orc:1    | Entered Level 1 of the Orcish Mines
 26905 | Orc:1    | Found Ugrai's Armour Shoppe.
 27145 | Orc:2    | Entered Level 2 of the Orcish Mines
 27162 | Orc:2    | Noticed Josephine
 27170 | Orc:2    | Reached ****** piety under Kikubaaqudgha
 27171 | Orc:2    | Reached skill level 1 in Shields
 27172 | Orc:2    | Reached skill level 1 in Armour
 27177 | Orc:2    | Killed Josephine
 27207 | Orc:2    | Your ally Josephine died
 27208 | Orc:2    | Reached XP level 15. HP: 74/134 MP: 1/27
 27297 | Orc:2    | Found Zafuq's Book Emporium.
 27310 | Orc:2    | Bought an Everburning Encyclopedia for 286 gold pieces
 27314 | Orc:2    | Learned a level 3 spell: Ignite Poison
 27396 | Orc:2    | Reached skill level 1 in Fire Magic
 27520 | Orc:2    | Noticed Saint Roka
 27534 | Orc:2    | Killed Saint Roka
 27551 | Orc:2    | Found a staircase to the Elven Halls.
 27973 | Orc:2    | Found Woma Tei's Assorted Antiques.
 27973 | Orc:2    | Found Xuxankia's Antique Weapon Shop.
 27975 | Orc:2    | Found Sidid's Antique Weapon Boutique.
 27977 | Orc:2    | Found Itep Diown's Magic Scroll Shoppe.
 27989 | Orc:2    | Bought a scroll of noise for 14 gold pieces
 27990 | Orc:2    | Bought a scroll of blinking for 105 gold pieces
 28792 | D:13     | Found a frozen archway.
 28798 | D:13     | Noticed Maurice
 28803 | D:13     | Killed Maurice
 28807 | D:13     | Your ally Maurice died
 28810 | IceCv    | Entered an ice cave
 29156 | D:13     | Reached skill level 10 in Spellcasting
 29156 | D:13     | Reached skill level 1 in Ice Magic
 29614 | D:13     | Found a gate to the Vaults.
 29728 | D:13     | Learned a level 6 spell: Simulacrum
 29801 | D:14     | Identified the +2 ring mail of Kohuvy {rC+ Str+4 SInv}
 29817 | D:14     | Reached skill level 5 in Ice Magic
 31096 | D:15     | Entered Level 15 of the Dungeon
 31162 | D:15     | Reached XP level 16. HP: 123/141 MP: 30/30
 31595 | D:15     | Upgraded the game from 0.29.1-13-g9f3cf754e1 to
                  | 0.29.1-14-g9c671dbff4
 31763 | D:15     | Received a gift from Kikubaaqudgha
 32218 | D:15     | Found a staircase to the Depths.
 32746 | Spider:1 | Entered Level 1 of the Spider Nest
 32905 | Spider:1 | Identified the amulet of Xom's Capriciousness {Spirit rElec
                  | rF+ Str-5 Int+5}
 33424 | Orc:2    | Bought a manual of Necromancy for 880 gold pieces
 33604 | Spider:2 | Reached skill level 5 in Dodging
 33650 | Spider:2 | Noticed Nikola
 33662 | Spider:2 | Killed Nikola
 33767 | Spider:2 | Reached skill level 10 in Fighting
 33780 | Spider:2 | Reached XP level 17. HP: 101/153 MP: 7/33
 34602 | Spider:3 | Noticed Agnes
 34606 | Spider:3 | Killed Agnes
 35179 | Spider:4 | Entered Level 4 of the Spider Nest
 35480 | Spider:4 | Reached skill level 1 in Summonings
 35534 | Spider:4 | Noticed Mlioglotl
 35545 | Spider:4 | Killed Mlioglotl
 35554 | Spider:4 | Acquired a book of Touch
 35812 | Spider:4 | Reached skill level 5 in Summonings
 35935 | Spider:4 | Reached XP level 18. HP: 168/168 MP: 28/34
 36346 | Spider:4 | Identified the +2 pair of boots "Rewuoq" {rElec Will+
                  | Int+4}
 36358 | Spider:4 | Got a gossamer rune of Zot
 36653 | Lair:2   | Learned a level 7 spell: Haunt
 36674 | Swamp:1  | Entered Level 1 of the Swamp
 37448 | Swamp:2  | Reached skill level 10 in Summonings
 37566 | Swamp:2  | Reached skill level 18 in Necromancy
 37566 | Swamp:2  | You fall into a shaft and drop 1 floor!
 38245 | Swamp:2  | Reached skill level 19 in Necromancy
 38593 | Swamp:4  | Entered Level 4 of the Swamp
 38598 | Swamp:4  | Acquired 599 gold pieces
 38680 | Swamp:4  | Reached skill level 20 in Necromancy
 38817 | Swamp:4  | Reached XP level 19. HP: 175/175 MP: 26/35
 38847 | Swamp:4  | Noticed the 27-headed Lernaean hydra
 38849 | Swamp:4  | Killed the 27-headed Lernaean hydra
 39126 | Swamp:4  | Got a decaying rune of Zot
 39308 | Lair:2   | Noticed Xihitin's ghost (journeyman DjGl)
 39438 | Vaults:1 | Entered Level 1 of the Vaults
 39471 | Vaults:1 | Reached skill level 21 in Necromancy
 40689 | Vaults:1 | Reached skill level 22 in Necromancy
 41779 | Vaults:2 | Reached XP level 20. HP: 172/183 MP: 29/38
 42009 | Vaults:2 | Reached skill level 15 in Spellcasting
 42021 | Vaults:2 | Learned a level 8 spell: Infestation
 42808 | Vaults:3 | Found Doikhledd's Magic Scroll Boutique.
 42911 | Vaults:3 | Identified the +0 scale mail "Niap Bept" {rPois}
 43162 | Vaults:3 | Found a staircase to the Crypt.
 43424 | Vaults:3 | Found Fiky's Distillery.
 43902 | Vaults:3 | Found Feram's Assorted Antiques.
 44233 | Vaults:4 | Reached XP level 21. HP: 173/199 MP: 41/41
 44300 | Vaults:4 | Found a flickering gateway to a bazaar.
 44327 | Bazaar   | Entered a bazaar
 44327 | Bazaar   | Found Fybb's Distillery.
 44327 | Bazaar   | Found Biprut's Antique Armour Shop.
 44329 | Bazaar   | Found Qatucog's Book Shoppe.
 44329 | Bazaar   | Found Oleamel's Jewellery Boutique.
 44349 | Bazaar   | Bought a potion of heal wounds for 40 gold pieces
 44349 | Bazaar   | Bought a potion of ambrosia for 64 gold pieces
 44349 | Bazaar   | Bought 2 potions of magic for 128 gold pieces
 44379 | Bazaar   | Bought the ring of Ziet Xewnue {*Slow rN+++ Str+8 Int+6
                  | Slay-2} for 734 gold pieces
 44386 | Bazaar   | Bought a pair of runed gloves for 187 gold pieces
 44697 | Vaults:4 | Reached skill level 5 in Shields
 45044 | Vaults:4 | Reached skill level 15 in Fighting
 45734 | Vaults:4 | Identified the +1 leather armour of the Four Flying Curses
                  | {Harm}
 46527 | Elf:1    | Entered Level 1 of the Elven Halls
 46748 | Elf:1    | Found Gipry's Antique Armour Shop.
 46751 | Elf:1    | Paralysed by an air elemental for 1 turns
 46813 | Elf:1    | Found Joaclulo's Weapon Boutique.
 46815 | Elf:1    | Found Volik's Jewellery Shop.
 46821 | Elf:1    | Found Neerilov's Distillery.
 47146 | Elf:1    | Noticed Donald
 47157 | Elf:1    | Killed Donald
 47412 | Elf:2    | Found a runed translucent gate.
 47412 | Elf:2    | Found a runed translucent gate.
 47412 | Elf:2    | Found a runed translucent gate.
 47449 | Elf:2    | Reached XP level 22. HP: 214/214 MP: 31/42
 47818 | Elf:2    | Identified the +7 bardiche "Wucrogive" {flame, rPois rF+
                  | Dex-3}
 48249 | Elf:3    | Entered Level 3 of the Elven Halls
 48420 | Elf:3    | Paralysed by an air elemental for 1 turns
 48659 | Elf:3    | Paralysed by an air elemental for 1 turns
 48924 | Elf:3    | Reached skill level 10 in Shields
 48951 | Elf:3    | Reached skill level 23 in Necromancy
 49103 | Elf:3    | Identified the +6 morningstar of the Fresh God {speed, rC+
                  | Int+2 Dex+4}
 49153 | Elf:3    | Found the +8 demon blade "Leech" {vamp, Harm Drain rN+}
 49153 | Elf:3    | Found the +5 robe of Night {Dark Will+ SInv}
 49203 | Elf:3    | Found the +0 mask of the Dragon {Will+ Slay+3 SInv}
 49206 | Elf:3    | Identified the +1 leather armour of Disguise {+Inv rPois
                  | Str+4 Int-4}
 49206 | Elf:3    | Found the amulet of the Air {Inacc Air Fly rElec RMsl}
 49211 | Elf:3    | Identified the +5 chain mail "Mussou" {rF++ MP-9}
 49251 | Elf:3    | Identified the +5 short sword of Quantum Leap {protect,
                  | Dex+2}
 50214 | Depths:1 | Entered Level 1 of the Depths
 50230 | Depths:1 | Reached skill level 1 in Evocations
 50255 | Depths:1 | Found a gateway to Hell.
 50379 | Depths:1 | Found a one-way gateway to a ziggurat.
 50555 | Depths:1 | Reached skill level 5 in Evocations
 50596 | Depths:1 | Found an ornate altar of the Wu Jian Council.
 50614 | Depths:1 | Found a one-way gate leading to the halls of Pandemonium.
 51162 | Depths:2 | Found a white marble altar of Elyvilon.
 51183 | Depths:2 | Reached XP level 23. HP: 178/228 MP: 4/43
 51189 | Depths:2 | Noticed a golden dragon
 51202 | Depths:2 | Killed a golden dragon
 51540 | Depths:2 | Reached skill level 24 in Necromancy
 51544 | Depths:2 | Paralysed by a vampire knight for 4 turns
 51716 | Depths:2 | Learned a level 4 spell: Dispel Undead
 51832 | Depths:2 | Found a hide-covered altar of Uskayaw.
 52004 | Depths:2 | Found a sparkling altar of Nemelex Xobeh.
 52256 | Depths:2 | Found an ornate altar of the Wu Jian Council.
 52810 | Depths:3 | Found a one-way gate to the infinite horrors of the Abyss.
 52851 | Depths:3 | Reached XP level 24. HP: 202/244 MP: 27/43
 53458 | Depths:4 | Entered Level 4 of the Depths
 53586 | Depths:4 | Reached skill level 25 in Necromancy
 53604 | Depths:4 | Found a gate to the Realm of Zot.
 53939 | Depths:4 | Found a transporter.
 53939 | Depths:4 | Noticed AllIsDust's ghost (veteran MiBe)
 53946 | Depths:4 | Found a transporter.
 55133 | Slime:1  | Entered Level 1 of the Pits of Slime
 55168 | Slime:1  | Reached skill level 26 in Necromancy
 55475 | Slime:3  | Gained mutation: Your body sometimes deteriorates upon
                  | taking damage. [a shining eye]
 55901 | Slime:5  | Entered Level 5 of the Pits of Slime
 55993 | Slime:5  | Noticed the Royal Jelly
 56013 | Slime:5  | Reached skill level 27 in Necromancy
 56037 | Slime:5  | Reached XP level 25. HP: 105/252 MP: 43/43
 56060 | Slime:5  | Found the +10 tower shield of Ignorance {rN+ Int-4}
 56063 | Slime:5  | Found a viscous altar of Jiyva.
 56403 | Slime:5  | Killed the Royal Jelly
 56408 | Slime:5  | Your ally the Royal Jelly died
 57350 | Slime:5  | Identified the +7 war axe "Gucwe" {drain, rPois Will+ SInv}
 57353 | Slime:5  | Identified the ring of Elyvilon's Esteem {rElec rF+ Dex+9}
 57356 | Slime:5  | Identified the +5 war axe of Bodwequidd {protect, rC++
                  | Int+3}
 57383 | Slime:5  | Got a slimy rune of Zot
 57385 | Slime:5  | Identified the ring of Ycolopal {Will+ AC+4}
 57390 | Slime:5  | Identified the +3 leather armour "Gihyh" {rC+}
 57425 | Slime:5  | Identified the +4 shortbow of Veofren {speed, rC++ Str+3}
 57491 | Slime:5  | Got Hyl Zab's Codex of Hurting
 57492 | Slime:5  | Identified the +0 chain mail of Ru, Sheltering {Dex+2}
 57921 | Crypt:1  | Entered Level 1 of the Crypt
 58990 | Crypt:2  | Identified the +2 leather armour "Conaekic" {rCorr}
 59297 | Crypt:3  | Entered Level 3 of the Crypt
 59386 | Crypt:3  | Found an ancient bone altar of Kikubaaqudgha.
 59493 | Crypt:3  | Found a staircase to the Tomb.
 59493 | Crypt:3  | Noticed Khufu
 59495 | Crypt:3  | Found the +9 sword of Zonguldrok {reap}
 59497 | Crypt:3  | Killed Khufu
 59721 | Crypt:3  | Noticed Zenata
 59729 | Crypt:3  | Killed Zenata
 60196 | Crypt:3  | Identified the +10 demon blade "Zysext" {vorpal, MP+9}
 60870 | Depths:4 | Learned a level 4 spell: Anguish
 60876 | Depths:4 | Learned a level 5 spell: Summon Mana Viper
 60877 | Zot:1    | Entered Level 1 of the Realm of Zot
 60948 | Zot:1    | Reached skill level 1 in Hexes
 61132 | Zot:1    | Reached XP level 26. HP: 244/261 MP: 45/45
 61436 | Zot:1    | Reached skill level 5 in Hexes
 62128 | Zot:2    | Reached skill level 5 in Air Magic
 62752 | Zot:3    | Noticed an orb of fire
 62752 | Zot:3    | Gained mutation: You have a pair of small horns on your
                  | head. [an orb of fire]
 62789 | Zot:3    | Killed an orb of fire
 63127 | Zot:3    | Reached skill level 10 in Air Magic
 64331 | Zot:4    | Found a transporter.
 64712 | Zot:3    | HP: 13/261 [poisoned by a yellow draconian annihilator
                  | (poison arrow)]
 64717 | Zot:3    | HP: 12/261 [poisoned by a yellow draconian annihilator
                  | (poison arrow)]
 65239 | Vaults:5 | Entered Level 5 of the Vaults
 65266 | Vaults:5 | Reached XP level 27. HP: 79/268 MP: 32/45
 65300 | Vaults:5 | Reached skill level 15 in Air Magic
 65332 | Vaults:5 | Noticed Jory
 65337 | Vaults:5 | Killed Jory
 65766 | Vaults:5 | Got a silver rune of Zot
 65769 | Vaults:5 | Found the +4 moon troll leather armour {Spirit, Regen++
                  | MP+5}
 65897 | Vaults:5 | Identified the +0 leather armour of the Enormous Grue {rN+
                  | Int+3}
 66886 | Vaults:5 | Learned a level 8 spell: Maxwell's Capacitive Coupling
 67177 | Zig:1    | Entered Level 1 of a ziggurat
 67192 | Zig:2    | Entered Level 2 of a ziggurat
 67231 | Zig:3    | Entered Level 3 of a ziggurat
 67308 | Zig:4    | Entered Level 4 of a ziggurat
 67339 | Zig:4    | Identified the +2 plate armour of a treasure trove {Slay+2}
 67565 | Zig:5    | Entered Level 5 of a ziggurat
 67580 | Zig:5    | Found the +8 autumn katana {vorpal, manifold assault}
 67588 | Zig:5    | Identified the +5 trident of Xouvubih {vamp, Fly rN+ Int+4
                  | Stlth+}
 67591 | Zig:5    | Identified the +6 war axe of Descent {elec, rF+}
 67637 | Zig:6    | Entered Level 6 of a ziggurat
 67704 | Zig:7    | Entered Level 7 of a ziggurat
 67881 | Zig:8    | Entered Level 8 of a ziggurat
 67887 | Zig:8    | Noticed a juggernaut
 67902 | Zig:8    | Killed a juggernaut
 67915 | Zig:8    | Identified the ring of Qeinug {Wiz Dex+2}
 67931 | Zig:8    | Identified the +0 pair of gloves "Turhowad" {rPois Int+3}
 67971 | Zig:8    | Identified the +8 long sword of the New World {flame, Fly
                  | Will- rCorr Str-5}
 67992 | Zig:9    | Entered Level 9 of a ziggurat
 68032 | Zig:10   | Entered Level 10 of a ziggurat
 68163 | Zig:10   | Got Sif Muna's Intricacies of Incantation
 68176 | Zig:10   | Identified the +9 flail "Wobbaumad" {drain, Will+ Int+3
                  | Dex-4}
 69002 | Zot:4    | Found a transporter.
 69443 | Zot:5    | Entered Level 5 of the Realm of Zot
 69467 | Zot:5    | Found a blossoming altar of Fedhas.
 69601 | Zot:5    | Noticed an orb of fire
 69612 | Zot:5    | Killed an orb of fire
 69613 | Zot:5    | Noticed an orb of fire
 69614 | Zot:5    | Noticed a dread lich
 69614 | Zot:5    | Noticed an orb of fire
 69615 | Zot:5    | Noticed an orb of fire
 69620 | Zot:5    | Noticed a dread lich
 69622 | Zot:5    | Gained mutation: You sometimes lose your temper in combat.
                  | [an orb of fire]
 69624 | Zot:5    | Noticed a dread lich
 69624 | Zot:5    | Noticed an ancient lich
 69645 | Zot:5    | Killed an orb of fire
 69650 | Zot:5    | Killed an ancient lich
 69657 | Zot:5    | Killed an orb of fire
 69668 | Zot:5    | Killed a dread lich
 69668 | Zot:5    | Killed an orb of fire
 69676 | Zot:5    | Killed a dread lich
 69683 | Zot:5    | Killed a dread lich
 69701 | Zot:5    | HP: 8/268 [white draconian stormcaller (25)]
 69708 | Zot:5    | HP: 13/268 [Orb Guardian (16)]
 70212 | Zot:5    | Got the Orb of Zot
 70329 | Zot:3    | Noticed Toilyol the pandemonium lord
 70530 | D:12     | Noticed Kiysuejo the pandemonium lord
 70647 | D:7      | Noticed Mevvapn the pandemonium lord
 70856 | D:$      | Escaped with the Orb!

Illustrated notes

Levels and vault maps discovered:
D:1:      eino_arrival_water_star, layout_basic, serial_shops, shop
D:2:      layout_basic, minmay_misc_feat_pillars
D:3:      layout_rooms, ebering_ecumenical_altar_webs, uniq_natasha, uniq_robin
D:4:      layout_basic, nicolae_hepliaklqana_monster_ancestors,
          chequers_temple_overflow_statue_of_worship, serial_shops, shop_coins
D:5:      layout_basic, fedhas_ov_isle_minmay, temple_fountains,
          hangedman_decor_riveting, uniq_menkaure, uniq_sigmund,
          uniq_prince_ribbit1
D:6:      layout_gridville, nrook_mini_backslash
D:7:      lemuel_insect_pit, layout_rooms, nicolae_yredelemnul_corpse_copse,
          led_xom_imps, nicolae_overflow_crystal_walls,
          gammafunk_ghost_berserking_beasts, serial_shops, shop_fountains,
          uniq_joseph, uniq_maggie
D:8:      layout_loops_ring, elyvilon_altar_3, due_lair_maze_entry_diamond,
          serial_ice, serial_ice_g, serial_ice_n, serial_ice_m, serial_ice_f
D:9:      layout_rooms, grunt_ministairs_15
D:10:     layout_long_grid, serial_rivers, chequers_serial_rivers_small_a,
          chequers_serial_rivers_small_b, chequers_serial_rivers_large_a,
          chequers_serial_rivers_large_b, chequers_serial_rivers_small_a,
          chequers_serial_rivers_small_a, nicolae_titane
D:11:     layout_roguey, serial_shops, shop, biasface_ghost_orc_armoury,
          uniq_erica, uniq_gastronok, uniq_harold
D:12:     minmay_mutant_horseshoe, layout_irregular_city, david_orc_3,
          uniq_snorg
D:13:     layout_irregular_city, david_vaults_2,
          portal_ice_cave_entry_pillars_1, einodemon_barbed_minivault,
          uniq_maurice
D:14:     layout_basic, hangedman_decor_growths, amcnicky_mini_pool_small,
          grunt_ministairs_5, nrook_guardian_serpent_ordinary
D:15:     grunt_enter_depths_snipers, layout_stronghold, minmay_misc_feat_alley,
          minmay_shattered_shrine
Temple:   dpeg_chambers_temple
Lair:1:   lemuel_ratsnest, layout_long_grid, lemuel_fruit_tree
Lair:2:   layout_regular_city, minmay_swamp_entry_worms, gauntlet_entry_generic,
          nzn_ghost_randoct, nicolae_volcano_entry_batcave,
          infiniplex_staircase_pool
Lair:3:   layout_cave_pods, spider_nest_entry_a, uniq_urug
Lair:4:   layout_gridlike, dpeg_slime_entry_enclosed, grunt_megastairs_1
Lair:5:   evilmike_catoblepas_cave, layout_gridlike
Swamp:1:  layout_basic_swamp, evilmike_swamp_ruin_house_1, swamp_pool1,
          nicolae_swamp_necromancy_gone_wrong
Swamp:2:  layout_basic_swamp, nicolae_swamp_feature_on_the_river_bank
Swamp:3:  layout_basic_swamp, evilmike_swamp_ruin_rubble_2
Swamp:4:  grunt_swamp_rune_castle, layout_basic_swamp
Spider:1: layout_spider_delve, nicolae_spider_nooks_and_crannies
Spider:2: layout_spider_delve, uniq_nikola
Spider:3: layout_spider_delve, uniq_agnes
Spider:4: floodkiller_spider_rune_tomb, nicolae_orb_island, uniq_mlioglotl
Slime:1:  layout_caves
Slime:2:  cheibrodos_slime_lost_civilization_8, layout_caves
Slime:3:  layout_caves, nicolae_slime_welcoming_committee
Slime:4:  layout_caves
Slime:5
Orc:1:    layout_caves, serial_shops, shop, kennysheep_orc_chapel
Orc:2:    st_orc_rangers, layout_caves, serial_shops, shop, minmay_orc_temple_c,
          uniq_saint_roka, uniq_josephine
Elf:1:    eino_elf_arrival_customs, layout_rooms, serial_shops,
          nicolae_diamond_shop, hangedman_elven_crosses_minicolossus,
          minmay_shop_star, uniq_donald
Elf:2:    nicolae_elf_blades_splatter_lattice [nooodl_blade_entry_preview],
          layout_loops_cross, lemuel_upstairs_altar
Elf:3:    elf_hall, layout_geoelf_diagonals
Vaults:1: hangedman_vaults_nails, nicolae_vaults_halls_meeting,
          nicolae_vaults_network_star, nicolae_vaults_bisected_slash,
          v_pattern_5, v_misc_19, vaults_mumra_hexcomb,
          nicolae_vaults_what_the_h, grunt_vaults_twisty,
          nicolae_vaults_little_squares_2, nicolae_vaults_inception_scallops,
          nicolae_vaults_rhombus_6, vaults_dpeg_emergency_exit,
          layout_vaults_omnibox
Vaults:2: vaults_standard_mumra_x, v_misc_4, v_misc_14, vaults_room_fours,
          v_pattern_3, nicolae_vaults_fighting_squares, grunt_vaults_focal,
          v_misc_25, v_misc_18, nicolae_vaults_gold_heap, layout_vaults_omnigrid
Vaults:3: v_misc_9, nicolae_vaults_asterisk, blue_anna_dwarven_crypt,
          hangedman_vaults_corner_blocks, v_misc_26, v_misc_16, v_alt_pattern_6,
          nicolae_vaults_network_quinsquares
          [nicolae_vaults_network_quincunx_subvault,
          nicolae_vaults_network_quincunx_subvault,
          nicolae_vaults_network_quincunx_subvault,
          nicolae_vaults_network_quincunx_subvault], vaults_dpeg_ring,
          ontoclasm_vaults_decontamination, nicolae_vaults_little_ls,
          hangedman_vaults_trim, layout_vaults_maze_snakey, serial_shops, shop,
          shop_fountains, shop
Vaults:4: v_misc_16, vaults_room_boxed, nicolae_vaults_network_square,
          grunt_vaults_swirl, v_pattern_1, v_misc_10,
          hangedman_vaults_variations, st_cells, vaults_dpeg_cross,
          ontoclasm_vaults_twist, layout_vaults_big_cross, serial_shops,
          bzr_entry_islet
Vaults:5: uniq_jory
Crypt:1:  layout_gridlike, grunt_megastairs_2
Crypt:2:  layout_misc_corridors, hellmonk_scarab_ruin
Crypt:3:  grunt_crypt_end_deaths_head, uniq_zenata
Depths:1: layout_roguey, enter_ziggurat_f, hangedman_coc_ice_floe, pan_entry,
          nzn_wu_jian_council_hall, minmay_strange_pillars, minivault_14,
          kennysheep_small_circle, grunt_megastairs_4
Depths:2: grunt_profane_halls [grunt_profane_temple_dis,
          grunt_profane_temple_geh, grunt_profane_temple_coc,
          grunt_profane_temple_tar, grunt_profane_loot], hell_entry, pan_entry
Depths:3: nicolae_hexawheel, layout_cave_pools, abyss_entry_crystal,
          grunt_hell_horde, kennysheep_another_room, uniq_josephina
Depths:4: grunt_crosshair, layout_basic, gammafunk_ghost_mausoleum,
          serial_co_window_serial, co_window_corner_a, co_window_paths_b,
          co_window_corner_a, co_window_corner_a, co_window_corner_a,
          co_window_of_opportunity_a, co_window_paths_b,
          co_window_of_opportunity_a, co_window_paths_b, co_window_corner_b,
          co_window_unsneaky_path_b, co_window_of_opportunity_c,
          co_window_paths_d, glass_columns_c, hell_entry
Zot:1:    layout_concentric_octagons, lemuel_flame_loot_1
Zot:2:    layout_misc_corridors, grunt_megastairs_3
Zot:3:    infiniplex_zot_generator, layout_gridville
Zot:4:    gammafunk_sealed_arena, layout_gridlike
Zot:5:    layout_misc_corridors, st_stairs_4, grunt_ministairs_1,
          hangedman_feature_mirror, lemuel_baited_zot_trap, skrybe_zot_glass_2

Skill      XL: |  1  2  3  4  5  6  7  8  9 10 11 12 13 14 15 16 17 18 19 20 21 22 23 24 25 26 27 |
---------------+----------------------------------------------------------------------------------+-----
Poison Magic   | 5 6 8 9 10 | 10.0
Air Magic      | 1 3 4 13 23 | 23.7
Conjurations   | 1 4 |  4.0
Spellcasting   | 4 5 6 8 10 12 14 16 18 | 18.0
Fighting       | 2 4 7 8 10 12 14 16 17 20 | 20.0
Dodging        | 2 4 6 8 |  8.0
Stealth        | 4 7 8 |  8.0
Short Blades   | 6 |  6.0
Staves         | 2 |  2.8
Necromancy     | 9 12 15 17 20 22 23 24 27 | 27.0
Translocations | 5 |  5.0
Earth Magic    | 6 |  6.0
Shields        | 2 4 8 10 13 | 13.1
Armour         | 2 4 |  4.0
Fire Magic     | 3 |  3.0
Transmutations | 3 |  3.0
Ice Magic      | 8 |  8.0
Summonings     | 6 10 11 | 11.0
Evocations     | 5 |  5.0
Hexes          | 4 7 |  7.0

Action                   |  1- 3 |  4- 6 |  7- 9 | 10-12 | 13-15 | 16-18 | 19-21 | 22-24 | 25-27 || total
-------------------------+-------+-------+-------+-------+-------+-------+-------+-------+-------++-------
Melee: Unarmed           |     9 |       |       |       |       |       |       |       |       ||     9
       Dagger            |     2 |    17 |    10 |   419 |   413 |    42 |       |    11 |       ||   914
       Staff             |       |     3 |    57 |   124 |    26 |    65 |   278 |   183 |    25 ||   761
       Punch             |       |       |     3 |     8 |     9 |     3 |       |       |       ||    23
       Constrict         |       |       |       |       |    67 |    22 |    50 |    19 |    35 ||   193
       Demon blade       |       |       |       |       |       |       |       |       |   168 ||   168
       Headbutt          |       |       |       |       |       |       |       |       |    67 ||    67
 Cast: Sting             |    44 |    96 |   150 |   201 |    17 |       |       |       |       ||   508
       Poisonous Vapours |     4 |    15 |    30 |    26 |     3 |       |       |       |       ||    78
       Mephitic Cloud    |       |     2 |    18 |    44 |    50 |     2 |       |     1 |       ||   117
       Olgreb's Toxic Ra |       |       |     6 |    72 |   114 |    74 |     5 |    10 |       ||   281
       Animate Dead      |       |       |       |     2 |    22 |    20 |    17 |    19 |    15 ||    95
       Blink             |       |       |       |     1 |     3 |       |       |       |     2 ||     6
       Death Channel     |       |       |       |       |    14 |    38 |    34 |    30 |    37 ||   153
       Borgnjor's Vile C |       |       |       |       |    14 |    92 |   125 |   108 |   112 ||   451
       Ignite Poison     |       |       |       |       |    37 |    42 |     4 |    11 |       ||    94
       Simulacrum        |       |       |       |       |     4 |    60 |    42 |    65 |   109 ||   280
       Haunt             |       |       |       |       |       |       |    22 |    34 |    74 ||   130
       Infestation       |       |       |       |       |       |       |    24 |    70 |   176 ||   270
       Dispel Undead     |       |       |       |       |       |       |       |     3 |    39 ||    42
       Anguish           |       |       |       |       |       |       |       |       |     1 ||     1
       Maxwell's Capacit |       |       |       |       |       |       |       |       |     4 ||     4
Invok: Unearth Wretches  |       |       |       |       |     1 |    18 |    17 |    17 |    61 ||   114
       Receive Forbidden |       |       |       |       |       |     1 |       |       |       ||     1
 Abil: Spit Poison       |    19 |    20 |    19 |     3 |       |       |       |       |       ||    61
Evoke: Wand              |       |       |       |     3 |       |       |       |     1 |     2 ||     6
       Phial of floods   |       |       |       |       |       |       |       |     1 |       ||     1
       Phantom mirror    |       |       |       |       |       |       |       |       |     1 ||     1
  Use: Scroll            |       |     7 |     2 |    11 |     5 |    11 |     1 |     5 |    20 ||    62
       Potion            |       |       |     2 |     5 |       |       |       |     3 |    17 ||    27
 Stab: Sleeping          |     1 |       |       |     3 |     5 |     1 |     1 |     1 |       ||    12
       Confused          |       |       |     2 |    19 |    13 |     1 |       |       |       ||    35
       Distracted        |       |       |       |     2 |     4 |     2 |    10 |     6 |     7 ||    31
       Paralysed         |       |       |       |       |       |     3 |     2 |     1 |     6 ||    12
Armor: Robe              |     6 |    11 |    40 |   185 |       |       |       |       |       ||   242
       Ring mail         |       |       |       |   235 |   345 |   230 |   413 |   258 |   361 ||  1842
       Troll leather arm |       |       |       |       |     6 |       |       |       |       ||     6
Dodge: Dodged            |    14 |    30 |    95 |   241 |   171 |   120 |   200 |   115 |   213 ||  1199
Block: Buckler           |       |       |       |       |       |    49 |   179 |    66 |    79 ||   373
       Kite shield       |       |       |       |       |       |       |       |    63 |   197 ||   260
